 Dungeon Crawl Stone Soup version 0.31.0-11-ge490571c62 (webtiles) character file.

Game seed: 2373932709042237808

138 qw the Shooter (level 5, -1/26 HPs)
             Began as a Spriggan Hunter on Feb 4, 2024.
             Slain by a scorpion (6 damage)
             ... on level 4 of the Dungeon.
             The game lasted 00:00:07 (2042 turns).

qw the Shooter (Spriggan Hunter)                    Turns: 2042, Time: 00:00:08

Health: -1/26      AC:  2    Str: 13    XL:     5   Next: 1%
Magic:  6/6        EV: 20    Int: 10    God:
Gold:   32         SH:  0    Dex: 21    Spells: 4/4 levels left

rFire   . . .        a - +1 shortbow
rCold   . . .        (shield currently unavailable)
rNeg    . . .        c - +0 robe
rPois   .            (helmet restricted)
rElec   .            (no cloak)
rCorr   .            (gloves unavailable)
SInv    +            (boots unavailable)
Will    .....        (no amulet)
Stlth   ++           k - +6 ring of strength
HPRegen 0.24/turn    (no ring)
MPRegen 0.10/turn

%: no passive effects
@: lethally poisoned (-1 -> -3), very quick
A: very small, no large weapons, unfitting armour, see invisible, speed 3
a: no special abilities


You were on level 4 of the Dungeon.
You visited 1 branch of the dungeon, and saw 4 of its levels.

You collected 102 gold pieces.
You spent 70 gold pieces at shops.


Innate Abilities, Weirdness & Mutations

You are very small and have problems with some larger weapons.
You are too small for most types of armour.
You have supernaturally acute eyesight. (SInv)
You cover ground extremely quickly. (Speed+++)


   Skills:
 + Level 1.9 Fighting
 - Level 5.2 Ranged Weapons
 - Level 5.0 Dodging
 - Level 1.5 Stealth


You had 4 spell levels left.
You didn't know any spells.
Your spell library was empty.

Inventory:

Hand Weapons
 a - a +1 shortbow (weapon)
Armour
 c - a +0 robe (worn)
Jewellery
 k - a +6 ring of strength (left hand)
Scrolls
 b - a scroll of identify
Potions
 e - a potion of haste
 f - 2 potions of enlightenment
 g - a potion of might
 j - a potion of cancellation {unknown}

Dungeon Overview and Level Annotations

Branches:
Dungeon (4/15)
 Temple: D:4-7

Altars:
Uskayaw

Shops:
D:3 !


Message History

The arrow hits the scorpion but does no damage.
You shoot an arrow.
The arrow hits the scorpion but does no damage.
You shoot an arrow.
The arrow hits the scorpion but does no damage.
The scorpion barely misses you.
You shoot an arrow. The arrow closely misses the scorpion.
The scorpion stings you.
You shoot an arrow.
The arrow hits the scorpion but does no damage.
The scorpion completely misses you. The scorpion closely misses you.
You shoot an arrow. The arrow barely misses the scorpion.
The scorpion barely misses you.
You shoot an arrow.
The arrow hits the scorpion but does no damage.
The scorpion barely misses you.
You shoot an arrow.
The arrow hits the scorpion but does no damage.
The scorpion stings you.
You are poisoned.
The scorpion poisons you! The scorpion barely misses you.
You shoot an arrow.
The arrow hits the scorpion but does no damage.
You feel very sick. The scorpion misses you.
You shoot an arrow. The arrow hits the scorpion.
The scorpion is lightly wounded.
You feel very sick. The scorpion completely misses you.
You shoot an arrow. The arrow barely misses the scorpion.
You feel sick. The scorpion barely misses you. The scorpion misses you.
You shoot an arrow. The arrow hits the scorpion.
The scorpion is moderately wounded.
You feel sick. The scorpion closely misses you.
You shoot an arrow. The arrow barely misses the scorpion.
You feel sick. The scorpion misses you.
You shoot an arrow. The arrow hits the scorpion!
The scorpion is severely wounded.
You feel sick. The scorpion stings you.
You die...

<......# # #.# #.....###
####.### #.# #.........
.)...# #.# #.........#
##..####.#####.###.........#
..<..........)...'.........+
#####....#####.###.........#
###............##.....#
##### #...###...##.# .....
...... .. ##.@# .. ...
###### ##s.#..# ## ...
...#.## ... .[.##.# ...
...## . #..# ###


You could see a scorpion.

Vanquished Creatures
  An iguana (D:2)
  4 adders
  3 dart slugs
  4 orcs
  8 bats
  4 endoplasms
  5 giant cockroaches
  3 goblins (D:1)
  4 hobgoblins
  4 jackals (D:3)
  5 kobolds
  2 quokkas
  8 ball pythons
  6 frilled lizards
  7 rats
68 creatures vanquished.

Notes
Turn   | Place    | Note
-------+----------+-------------------------------------------
     0 | D:1      | qw the Spriggan Hunter began the quest for the Orb.
     0 | D:1      | Reached XP level 1. HP: 10/10 MP: 2/2
     0 | D:1      | 0 ||| qw: Version: 0.3-a-160-g6735b56
     0 | D:1      | 0 ||| qw: Game counter: 4480
     0 | D:1      | 0 ||| qw: Melee chars always use a shield: true
     0 | D:1      | 0 ||| qw: God list: Okawaru
     0 | D:1      | 0 ||| qw: Allow faded altars: false
     0 | D:1      | 0 ||| qw: Do Orc after clearing Dungeon:15 true
     0 | D:1      | 0 ||| qw: Do second Lair branch before Depths: true
     0 | D:1      | 0 ||| qw: Lair rune preference: random
     0 | D:1      | 0 ||| qw: Goals: Normal
     0 | D:1      | 0 ||| PLANNING D:1-11
    11 | D:1      | Reached skill level 3 in Dodging
    41 | D:1      | Reached XP level 2. HP: 10/14 MP: 3/3
   329 | D:1      | 329 ||| READING scroll labelled WAZUGI OHUNABB.
   330 | D:1      | 330 ||| DRINKING 2 fuming clear potions.
   331 | D:1      | 331 ||| DROPPING scroll of butterflies.
   441 | D:2      | Reached XP level 3. HP: 18/18 MP: 4/4
   598 | D:2      | Reached XP level 4. HP: 16/22 MP: 5/5
   622 | D:2      | Found a hide-covered altar of Uskayaw.
  1185 | D:2      | 1185 ||| READING scroll labelled SUSYRCH NOBB.
  1185 | D:2      | 1185 ||| ENCHANTING +0 shortbow.
  1186 | D:2      | 1186 ||| READING scroll labelled QIL QEFOGOXA.
  1187 | D:2      | 1187 ||| READING scroll labelled TUTITU IDUBB.
  1188 | D:2      | 1188 ||| DRINKING 2 purple potions.
  1688 | D:3      | Found Qureng's Distillery.
  1697 | D:3      | 1697 ||| SHOPLISTING 2 potions of might (112 gold, have
                  | 82).
  1697 | D:3      | 1697 ||| SHOPLISTING potion of cancellation (112 gold, have
                  | 82).
  1697 | D:3      | 1697 ||| BUYING potion of enlightenment (70 gold).
  1697 | D:3      | Bought a potion of enlightenment for 70 gold pieces
  1839 | D:3      | 1839 ||| UPGRADING to +6 ring of strength.
  1840 | D:3      | 1840 ||| READING scroll labelled FAELEU REOW.
  1841 | D:3      | 1841 ||| READING 2 scrolls labelled ZEDIRUREOSU.
  1842 | D:3      | 1842 ||| READING scroll labelled QAJAULEITH.
  1842 | D:3      | 1842 ||| IDENTIFYING sapphire potion
  1843 | D:3      | 1843 ||| READING scroll labelled COKLEIFRATS.
  1847 | D:3      | 1847 ||| DRINKING 2 brown potions.
  1877 | D:3      | 1877 ||| DROPPING scroll of poison.
  1878 | D:3      | 1878 ||| DROPPING potion of lignification.
  1907 | D:4      | Reached XP level 5. HP: 26/26 MP: 6/6
  2040 | D:4      | HP: 6/26 [poisoned by a scorpion]
  2042 | D:4      | Slain by a scorpion

Levels and vault maps discovered:
D:1:      tarquinn_simple_flora_water_e, layout_rooms
D:2:      layout_basic, basic_altar, kennysheep_generic_room_4
D:3:      layout_loops_ring, serial_shops, nicolae_shop_gibbet_a_chance
D:4:      layout_basic, minmay_temple_entry_glassed_door, roderic_lattice_a,
          minmay_cupped, uniq_duvessa, uniq_pikel

Skill      XL: |  1  2  3  4 |
---------------+-------------+-----
Dodging        | 3 4 5 |  5.0
Ranged Weapons | 5 |  5.2
Fighting       | |  1.9
Stealth        | |  1.5

Action                     |  1- 3 |  4- 6 || total
---------------------------+-------+-------++-------
   Fire: Shortbow          |    88 |   107 ||   195
    Use: Scroll            |     1 |     7 ||     8
         Potion            |     1 |     2 ||     3
 Armour: Robe              |     7 |    15 ||    22
  Dodge: Dodged            |    31 |    45 ||    76

Table legend:
 A = Non-vault XP
 B = Vault XP
 C = Vault XP percentage of total XP
 D = Non-vault monster count
 E = Vault monster count
 F = Vault count percentage of total count
                 A         B        C        D         E       F
            +---------+---------+-------+---------+---------+-------
      Total |     193 |       5 |   2.5 |      65 |       3 |   4.4
            +---------+---------+-------+---------+---------+-------
        D:1 |      34 |       0 |   0.0 |      23 |       0 |   0.0
        D:2 |      99 |       3 |   2.9 |      17 |       2 |  10.5
        D:3 |      53 |       0 |   0.0 |      23 |       0 |   0.0
        D:4 |       7 |       2 |  22.2 |       2 |       1 |  33.3
            +---------+---------+-------+---------+---------+-------
